AoeStats
← THE TERMiNAT0RR

Lombardia

509950577Analyzed
2v2 RM · 4d ago on Sep 28, 2026· 57m 48s· 4 players
Game mode
Random Map
Map size
Medium (4 player)
Population
200
Speed
Normal
Resources
Standard
Victory
Conquest
Starting age
Dark Age
Ending age
Imperial Age
RankedLock teamsTeams togetherTeam positionsShared explorationLock speedFull tech treeHidden civsTurbo modeCheats
Victory
Defeat
🇫🇷 Japanese · France
669
+12
🇫🇷 Khmer · France
659
+13
🇬🇧 Vietnamese · United Kingdom
616
-13
🇨🇱 Japanese · Chile
567
-12
Jeshu17hds
3:22 Loom
11:53 Feudal Age
13:32 Wheelbarrow
21:07 Town Watch
20:52 Man-at-Arms
24:23 Castle Age
25:20 Hand Cart
THE TERMiNAT0RR
0:29 Loom
12:58 Feudal Age
14:20 Wheelbarrow
13:34 Double-Bit Axe
15:17 Gold Mining
22:46 Castle Age
21:54 Forging
23:24 Pikeman
36:09 Hand Cart
45:06 Bloodlines
45:00 Husbandry
45:51 Fletching
45:59 Light Cavalry
47:56 Bodkin Arrow
49:17 Iron Casting
Dood
14:17 Feudal Age
12:53 Loom
18:36 Wheelbarrow
17:50 Double-Bit Axe
17:48 Horse Collar
21:04 Forging
20:45 Fletching
20:55 Padded Archer Armor
20:56 Scale Mail Armor
21:01 Scale Barding Armor
26:03 Castle Age
27:44 Heavy Plow
31:31 Pikeman
32:11 Squires
32:44 Chain Barding Armor
32:21 Bodkin Arrow
37:42 Chain Mail Armor
43:09 Yasama
46:04 Hand Cart
48:55 Imperial Age
49:24 Elite Samurai
50:41 Hoardings
51:41 Chemistry
51:02 Ballistics
50:33 Guard Tower
50:15 Heavy Cavalry Archer
52:08 Iron Casting
51:34 Bracer
53:59 Blast Furnace
53:30 Plate Mail Armor
53:15 Leather Archer Armor
Adre
10:00 Loom
11:46 Feudal Age
15:07 Castle Age
13:25 Double-Bit Axe
16:36 Scale Barding Armor
17:43 Forging
19:39 Fletching
21:44 Town Watch
23:25 Padded Archer Armor
25:42 Ballistics
28:47 Wheelbarrow
29:50 Bloodlines
31:27 Town Patrol
33:05 Bodkin Arrow
34:19 Masonry
36:15 Gold Mining
36:16 Stone Mining
37:04 Hand Cart
39:51 Imperial Age
38:24 Elite Skirmisher
39:24 Murder Holes
41:33 Bracer
40:57 Heavy Cavalry Archer
42:26 Parthian Tactics
41:56 Elite Ballista Elephant
42:37 Light Cavalry
44:47 Chemistry
43:58 Fortified Wall
44:30 Bow Saw
52:28 Iron Casting
52:53 Architecture
Connection lost

Rejoining the realm…

Still unreachable

The connection could not be restored.

Session expired

The server has moved on; the page needs a fresh start.